 Dungeon Crawl Stone Soup version 0.27-a0-262-gc50aac273e (webtiles) character file.

Game seed: 4062195667277400245

60 Froggeryz the Chopper (level 3, -5/34 HPs)
             Began as a Deep Dwarf Fighter on Feb 4, 2021.
             Slain by an ogre
             ... wielding a +0 giant club
              (9 damage)
             ... on level 4 of the Dungeon.
             The game lasted 00:01:16 (522 turns).

Froggeryz the Chopper (Deep Dwarf Fighter)           Turns: 522, Time: 00:01:17

Health: -5/34      AC:  6    Str: 20    XL:     3   Next: 82%
Magic:  3/3        EV:  9    Int:  8    God:
Gold:   27         SH:  6    Dex: 12    Spells: 2/2 levels left

rFire    . . .     SeeInvis .   a - +0 war axe
rCold    . . .     Faith    .   f - +2 buckler
rNeg     . . .     Spirit   .   b - +0 scale mail
rPois    .         Reflect  .   (no helmet)
rElec    .         Harm     .   (no cloak)
rCorr    .         Rampage  .   (no gloves)
Will     .....                  (no boots)
Stlth    ..........             (no amulet)
HPRegen  0.00/turn              (no ring)
MPRegen  0.08/turn              (no ring)

@: mighty, non-regenerating
A: damage resistance, heal wounds, sense surroundings 1, no regeneration
a: Heal Wounds


You were on level 4 of the Dungeon.
You visited 1 branch of the dungeon, and saw 4 of its levels.

You collected 27 gold pieces.

Inventory:

Hand Weapons
 a - a +0 war axe (weapon)
Armour
 b - a +0 scale mail (worn)
 f - a +2 buckler (worn)
Potions
 c - a potion of haste {unknown}
 e - a potion of curing {unknown}


   Skills:
 + Level 3.3 Fighting
 * Level 4.0 Axes
 - Level 3.2 Armour
 - Level 3.2 Shields


You had 2 spell levels left.
You didn't know any spells.
Your spell library was empty.

Dungeon Overview and Level Annotations

Branches:
Dungeon (4/15)
 Temple: D:4-7

Altars:


Innate Abilities, Weirdness & Mutations

You are resistant to damage.
You can heal yourself by infusing magical energy.
You passively map a small area around you.
You do not regenerate.


Message History

The ogre shouts!
You see here 9 gold pieces.
An ogre is nearby!
An ogre comes into view. It is wielding a +0 giant spiked club.
Found a stone staircase leading up.
You aren't carrying any items that you can evoke.
You feel very mighty all of a sudden.
You barely miss the ogre.
A worker ant comes into view.
You block the ogre's attack.
You slash the ogre!
The ogre is moderately wounded.
The ogre hits you with a +0 giant club!
The ogre hits you with a +0 giant spiked club!!
Ouch! That really hurt!
* * * LOW HITPOINT WARNING * * *
You barely miss the ogre.
The ogre is moderately wounded.
You hit the ogre. The ogre hits you with a +0 giant club!
You die...

#.....).[......#
,
#.......####...#
*
##.#.#..##.....#
, ,,
#.........#..##
, ###.......#..#
, * *
###........# ,
#..$....## ,
###...### *
#@..# ** #OO.# *
,, #...#*, , *
*#.$.# ,* ,
,,.B..., ,
,,......, , ,
<......,, * *
##...##.#* * , ,


You could see 2 ogres and a worker ant.

Vanquished Creatures
  3 adders
  2 dart slugs (D:1)
  5 orcs (D:4)
  2 bats
  2 giant cockroaches
  4 goblins (D:1)
  2 hobgoblins (D:1)
  A kobold (D:1)
  A frilled lizard (D:1)
  3 rats
25 creatures vanquished.

Notes
Turn   | Place    | Note
-------+----------+-------------------------------------------
     0 | D:1      | Froggeryz the Deep Dwarf Fighter began the quest for the
                  | Orb.
     0 | D:1      | Reached XP level 1. HP: 20/20 MP: 1/1
    66 | D:1      | Reached XP level 2. HP: 24/27 MP: 2/2
    92 | D:1      | Reached skill level 3 in Axes
   420 | D:2      | Reached XP level 3. HP: 25/34 MP: 3/3
   443 | D:3      | Found a faded altar of an unknown god.
   496 | D:4      | Reached skill level 4 in Axes
   516 | D:4      | Noticed an ogre
   517 | D:4      | Noticed an ogre
   522 | D:4      | Slain by an ogre

Illustrated notes

Levels and vault maps discovered:
D:1:      dpeg_arrival_radiant, layout_loops_ring
D:2:      layout_loops_corners, uniq_terence
D:3:      layout_basic, chequers_ecumenical_altar_island,
          ebering_ghost_reflecting_pool, hangedman_abyss_or_decor_stabs
D:4:      layout_loops_cross, nicolae_gozag_zags_fifth_avenue

Skill      XL: |  1  2  3 |
---------------+----------+-----
Axes           | 3 4 |  4.0
Fighting       | 3 |  3.3
Armour         | |  3.2
Shields        | |  3.2

Action                   || total
-------------------------++-------
Melee: War axe           ||    72
 Abil: Heal Wounds       ||     1
  Use: Potion            ||     1
Armor: Scale mail        ||    45
Dodge: Dodged            ||    47
Block: Kite shield       ||     8
       Buckler           ||    23

Table legend: (Time is in decaauts)
 A = Elapsed time spent in this place.
 B = Non-inter-level travel time spent in this place.
 C = Inter-level travel time spent in this place.
 D = Time resting spent in this place.
 E = Time spent auto-exploring this place.
 F = Levels seen in this place.
 G = Mean time per level.
                   A        B        C        D        E       F      G
               +--------+--------+--------+--------+--------+-----+--------+
         Total |    551 |    551 |      0 |      0 |    313 |   4 |  137.8 |
       Dungeon |    551 |    551 |      0 |      0 |    313 |   4 |  137.8 |
               +--------+--------+--------+--------+--------+-----+--------+

Top non-repeatable levels by time:
     D:1: 414 daAuts
     D:4: 65 daAuts
     D:3: 43 daAuts
     D:2: 28 daAuts
